 Dungeon Crawl Stone Soup version 0.24.0-125-gc4c63601f3 (webtiles) character file.

Game seed: 8726582306462792667, levelgen mode: deterministic

127 magog001 the Bolt Thrower (level 4, -4/36 HPs)
             Began as a Centaur Hunter on Mar 13, 2020.
             Slain by Crazy Yiuf
             ... wielding a +3 quarterstaff of chaos
              (18 damage)
             ... on level 3 of the Dungeon.
             The game lasted 00:20:07 (2877 turns).

magog001 the Bolt Thrower (Centaur Hunter)          Turns: 2877, Time: 00:20:08

Health: -4/36      AC:  0    Str: 15    XL:     4   Next: 85%
Magic:  4/4        EV: 19    Int: 10    God:
Gold:   70         SH:  0    Dex: 15    Spells: 3/3 levels left

rFire    . . .     SeeInvis .   (weapon currently unavailable)
rCold    . . .     Gourm    .   (shield currently unavailable)
rNeg     . . .     Faith    .   (armour currently unavailable)
rPois    .         Spirit   .   (helmet currently unavailable)
rElec    .         Reflect  .   (cloak currently unavailable)
rCorr    .         Harm     .   (gloves currently unavailable)
MR       .....                  (no barding)
Stlth    ++........             (no amulet)
HPRegen  0.12/turn              (ring currently unavailable)
MPRegen  0.09/turn              (ring currently unavailable)

@: bat-form, flying, very quick
A: tiny
a: no special abilities


You were on level 3 of the Dungeon.
You were not hungry.
You were in bat-form.
You visited 1 branch of the dungeon, and saw 3 of its levels.

You collected 70 gold pieces.

Inventory:

Hand Weapons
 a - a +1 hand crossbow
 b - a +0 short sword
 p - a +0 hunting sling
 t - a +2 mace of holy wrath (melded)
Missiles
 d - 9 arrows
 o - 54 stones (quivered)
 s - 6 bolts
 u - 7 poisoned darts
Armour
 c - a +0 leather armour
 j - a +0 chain mail (melded)
 m - a +2 pair of gloves (melded)
 q - a +0 cloak (melded)
Jewellery
 r - a cursed -2 ring of intelligence (melded)
Scrolls
 e - a scroll of amnesia
 h - a scroll of random uselessness {unknown}
 i - a scroll of identify
 l - a scroll of teleportation {unknown}
Potions
 g - 2 potions of curing {unknown}
 k - a potion of cancellation
 n - a potion of brilliance {unknown}
Comestibles
 f - 4 rations


   Skills:
 * Level 2.3 Fighting
 * Level 1.0(1.2) Slings
 * Level 6.0 Crossbows
 - Level 0.9(1.1) Throwing
 * Level 0.8 Armour
 - Level 1.6 Dodging
 - Level 0.4 Stealth


You had 3 spell levels left.
You didn't know any spells.
Your spell library was empty.

Dungeon Overview and Level Annotations

Branches:
Dungeon (3/15)

Altars:

Annotations:
D:3 Crazy Yiuf


Innate Abilities, Weirdness & Mutations

((You have hooves in place of feet.))
((Armour fits poorly on your strangely shaped body.))
((You cover ground very quickly.))
((You have extremely tough skin. (AC +3)))


Message History

t - a +2 mace of holy wrath (weapon)
You open the door.
Crazy Yiuf says, "Lugonu ragdoll sing-song!"
You completely miss Crazy Yiuf. Your kick misses Crazy Yiuf.
Crazy Yiuf whimpers, "Goober chair tea!"
Crazy Yiuf hits you with a +3 quarterstaff of chaos!
You turn into a bat.
Your +2 mace of holy wrath melds into your body.
Your +0 cloak melds into your body.
Your +2 pair of gloves melds into your body.
Your +0 chain mail melds into your body.
Your cursed -2 ring of intelligence melds into your body.
Your +2 mace of holy wrath stops glowing.
You feel clever.
You hit Crazy Yiuf.
Crazy Yiuf is lightly wounded.
Crazy Yiuf hits you with a +3 quarterstaff of chaos!
You are electrocuted!!
Ouch! That really hurt!
You die...

##.....)......#
...........####
#..........#
...>.......#
#####
.#.#...##..#
#..)#
##.#########
#)))#
...........#
.))
##########.#
#g# #.# ##b#
#.# #)## #.#
##.# #.# #.##
#.# ##.## #.#
#)..## #.#
#..#.# #.#
#....#
#.###....#


You could see Crazy Yiuf.

Vanquished Creatures
  4 adders (D:2)
  A worm (D:3)
  A dart slug (D:1)
  3 leopard geckos
  8 orcs (D:3)
  A ball python (D:2)
  8 bats
  6 giant cockroaches
  5 goblins
  7 hobgoblins
  5 jackals
  5 kobolds
  2 quokkas
  6 frilled lizards
  7 rats
69 creatures vanquished.

Notes
Turn   | Place    | Note
-------+----------+-------------------------------------------
     0 | D:1      | magog001 the Centaur Hunter began the quest for the Orb.
     0 | D:1      | Reached XP level 1. HP: 17/17 MP: 1/1
     1 | D:1      | Noticed an electric eel
   319 | D:1      | Reached XP level 2. HP: 24/24 MP: 2/2
   576 | D:1      | Reached skill level 5 in Crossbows
   657 | D:1      | Reached XP level 3. HP: 29/29 MP: 3/3
  1167 | D:2      | Reached XP level 4. HP: 34/36 MP: 4/4
  2165 | D:3      | Reached skill level 6 in Crossbows
  2805 | D:3      | Reached skill level 1 in Slings
  2867 | D:3      | Found a runed translucent door.
  2868 | D:3      | Noticed Crazy Yiuf
  2877 | D:3      | Slain by Crazy Yiuf

Levels and vault maps discovered:
D:1:      arrival_aquarium_a, layout_basic, serial_rivers,
          chequers_serial_rivers_micro_d, chequers_serial_rivers_marsh,
          chequers_serial_rivers_marsh, chequers_serial_rivers_small_b
D:2:      layout_basic, first_ration
D:3:      layout_rooms, cheibrodos_ashenzari_chains, overflow_temple_1_default,
          old_standard_altar, uniq_terence, uniq_jessica,
          uniq_crazy_yiuf_cottage, uniq_sigmund

Skill      XL: |  1  2  3  4 |
---------------+-------------+-----
Crossbows      | 5 6 |  6.0
Slings         | 1 |  1.0
Fighting       | |  2.3
Throwing       | |  0.9
Armour         | |  0.8
Dodging        | |  1.6
Stealth        | |  0.4

Action                   |  1- 3 |  4- 6 || total
-------------------------+-------+-------++-------
Melee: Short sword       |       |    44 ||    44
       Kick              |       |    12 ||    12
       Mace              |       |     1 ||     1
       Unarmed           |       |     1 ||     1
 Fire: Hand crossbow     |    65 |    47 ||   112
       Hunting sling     |       |    37 ||    37
Throw: Stone             |       |     3 ||     3
  Use: Scroll            |       |     3 ||     3
  Eat: Ration            |       |     1 ||     1
       Chunk             |       |     1 ||     1
Armor: Leather armour    |     4 |       ||     4
       Chain mail        |    18 |    82 ||   100
Dodge: Dodged            |     6 |    10 ||    16
